 Dungeon Crawl Stone Soup version 0.30.1-11-g7821555f0a (webtiles) character file.

Game seed: 8950428417907360225

4617 Ijustatesigmund the Thaumaturge (level 10, -7/56 HPs)
             Began as a Deep Elf Conjurer on Dec 14, 2023.
             Was a Believer of Vehumet.
             Mangled by a two-headed ogre
             ... wielding a +0 giant club
              (21 damage)
             ... on level 9 of the Dungeon.
             The game lasted 00:22:51 (12708 turns).

Ijustatesigmund the Thaumaturge (DECj)             Turns: 12708, Time: 00:22:52

Health: -7/56      AC:  6    Str:  4    XL:     10   Next: 19%
Magic:  14/25      EV: 14    Int: 28    God:    Vehumet [**....]
Gold:   580        SH:  0    Dex: 13    Spells: 19/28 levels left

rFire   + . .        h - +2 dagger (protect)
rCold   . . .        (no shield)
rNeg    . . .        a - +1 robe {Will+}
rPois   .            (no helmet)
rElec   .            D - +0 cloak
rCorr   .            t - +0 pair of gloves
SInv    .            w - +0 pair of boots
Will    +++..        (no amulet)
Stlth   +++          g - ring of willpower
HPRegen 0.29/turn    v - ring of protection from fire
MPRegen 0.19/turn

%: no passive effects
@: no status effects
A: no striking features
a: Renounce Religion


You were on level 9 of the Dungeon.
You worshipped Vehumet.
Vehumet was pleased with you.
You visited 2 branches of the dungeon, and saw 10 of its levels.

You collected 664 gold pieces.
You spent 84 gold pieces at shops.

Inventory:

Hand Weapons
 h - a +2 dagger of protection (weapon)
Armour
 a - a +1 robe of willpower (worn)
 e - a scarf of resistance
 t - a +0 pair of gloves (worn)
 w - a +0 pair of boots (worn)
 D - a +0 cloak (worn)
Magical Staves
 c - a staff of death
Jewellery
 g - a ring of willpower (left hand)
 s - a ring of ice
 v - a ring of protection from fire (right hand)
 I - a +6 ring of strength
 J - a ring of poison resistance
Wands
 q - a wand of flame (49)
 y - a wand of iceblast (9)
 G - a wand of digging (5)
Scrolls
 k - 3 scrolls of immolation
 l - 2 scrolls of fog
 n - a scroll of amnesia
 o - a scroll of poison
 p - a scroll of magic mapping
 A - a scroll of blinking
 E - a scroll of enchant armour
 H - a scroll of teleportation
 K - a scroll of identify
Potions
 b - 3 potions of magic
 d - a potion of lignification
 f - 3 potions of attraction
 i - 4 potions of curing
 j - a potion of resistance
 m - 6 potions of brilliance
 r - 3 potions of heal wounds
 u - a potion of berserk rage {unknown}
 x - 2 potions of haste
 z - 2 potions of cancellation {unknown}
 B - a potion of might {unknown}
 C - a potion of degeneration {unknown}
 F - 3 potions of mutation {unknown}


   Skills:
 + Level 3.8 Fighting
 + Level 5.7 Dodging
 + Level 6.1 Stealth
 - Level 9.7 Spellcasting
 - Level 9.0 Conjurations
 - Level 7.5 Translocations
 + Level 3.7 Fire Magic


You had 19 spell levels left.
You knew the following spells:

 Your Spells              Type           Power      Damage    Failure   Level
a - Magic Dart            Conj           100%       1d8       1%          1
b - Searing Ray           Conj           100%       2d8       1%          2
c - Iskenderun's Mystic   Conj/Tloc      56%        2d12      1%          4
d - Scorch                Fire           68%        2d8       1%          2

Your spell library contained the following spells:

 Spells                   Type           Power      Damage    Failure   Level
 Ignite Poison            Fire/Tmut/Pois 20%        N/A       8%          3
 Shock                    Conj/Air       100%       1d9       1%          1
 Dazzling Flash           Conj/Hex       76%        N/A       1%          3
 Sublimation of Blood     Necr           13%        N/A       6%          2
 Wereblood                Tmut           13%        N/A       6%          2
 Fulminant Prism          Conj/Hex       19%        3d10      6%          4
 Swiftness                Air            13%        N/A       12%         3
 Airstrike                Air            6%         2d(1-17)  38%         4
 Summon Hydra             Summ           6%         N/A       100%        7


Dungeon Overview and Level Annotations

Branches:
Dungeon (9/15)             Temple (1/1) D:4
   Lair: D:8-11         Orc: D:9-12

Altars:
Ashenzari
Cheibriados
Dithmenos
Elyvilon
Fedhas
Gozag
Hepliaklqana
Kikubaaqudgha
Makhleb
Nemelex Xobeh
Okawaru
Qazlal
Ru
Sif Muna
Trog
Uskayaw
Vehumet
Wu Jian
Xom
Yredelemnul
Zin
The Shining One

Shops:
D:3 *   D:4 *(


Message History

Press: ? - help, Shift-Dir - straight line, f/p - ogre
Aim: an ogre, wielding a +0 giant spiked club (heavily wounded, 92% to hit)
The searing ray hits the ogre!
The ogre is almost dead. (Press . to maintain the ray.) Unknown command.
The searing ray hits the ogre!
You kill the ogre!
Vehumet accepts your kill.
You feel your power returning.
The searing ray hits the two-headed ogre.
The two-headed ogre is moderately wounded.
A two-headed ogre comes into view.
It is wielding a +0 giant spiked club and a +0 giant club.
The searing ray hits the two-headed ogre.
The two-headed ogre is moderately wounded.
The searing ray hits the two-headed ogre!
The two-headed ogre is moderately wounded.
The two-headed ogre hits you with a +0 giant club!
The two-headed ogre hits you with a +0 giant spiked club!
The searing ray hits the two-headed ogre!
The two-headed ogre is heavily wounded.
The searing ray hits the two-headed ogre.
The two-headed ogre is moderately wounded.
You finish channelling your searing ray.
Casting: Searing Ray (safe; 1% risk of failure)
Confirm with . or Enter, or press ? or * to list all spells.
You erupt in a blast of force!
The mystic blast hits the two-headed ogre!!
The two-headed ogre is severely wounded.
The mystic blast hits the two-headed ogre!
The two-headed ogre is severely wounded.
The two-headed ogre is knocked back by the mystic blast.
The two-headed ogre collides with the two-headed ogre!
The two-headed ogre is almost dead.
The two-headed ogre is severely wounded.
You hear a shout!
The two-headed ogre hits you with a +0 giant club!!
* * * LOW HITPOINT WARNING * * *
The two-headed ogre hits you with a +0 giant spiked club!!
You die...

#..........#####.###
##..........####.#..
###~........##..#.#
#≈........##..#.#
##.........#.#..#
##....≈≈....#.##
#...~≈#...##...
########..####.######
##OOO@###.## ###
#O####.##.# #.#
##..## #.# #### ##. O
.> Oo O.~


You could see 3 two-headed ogres and an ogre.

Vanquished Creatures
  A manticore (D:6)
  Prince Ribbit (D:9)
  Sigmund (D:6)
  A wyvern (D:8)
  A wraith (D:7)
  2 vampire mosquitoes (D:9)
  A water moccasin (D:8)
  A black bear (D:5)
  A sky beast (D:6)
  An orc warrior (D:9)
  8 ogres
  An ice beast (D:5)
  2 centaurs
  3 phantoms
  2 kobold brigands (D:8)
  2 bullfrogs (D:7)
  4 scorpions
  4 wights (D:7)
  5 howler monkeys
  4 jellies
  An orc priest (D:5)
  7 hounds
  5 iguanas
  Ijyb (D:3)
  A sleepcap (D:5)
  5 orc wizards
  Robin (D:3)
  11 adders
  A shadow imp (D:7)
  A white imp (D:6)
  An ufetubus (D:5)
  4 worms (D:2)
  A dart slug (D:5)
  25 orcs
  5 ball pythons
  12 endoplasms
  4 giant cockroaches
  18 goblins
  7 hobgoblins
  13 jackals
  17 kobolds
  2 quokkas
  6 bats
  9 rats
204 creatures vanquished.

Notes
Turn   | Place    | Note
-------+----------+-------------------------------------------
     0 | D:1      | Ijustatesigmund the Deep Elf Conjurer began the quest for
                  | the Orb.
     0 | D:1      | Reached XP level 1. HP: 10/10 MP: 6/6
   242 | D:1      | Reached XP level 2. HP: 16/16 MP: 4/8
   996 | D:2      | Reached XP level 3. HP: 20/20 MP: 8/10
  1007 | D:2      | Learned a level 2 spell: Searing Ray
  1393 | D:2      | Reached skill level 5 in Conjurations
  1816 | D:2      | Reached skill level 1 in Fighting
  2374 | D:3      | Reached XP level 4. HP: 25/25 MP: 9/12
  2466 | D:3      | Found Jyqeyt's General Store.
  2471 | D:3      | Bought a scroll of poison for 48 gold pieces
  2471 | D:3      | Bought a scroll of teleportation for 36 gold pieces
  2521 | D:3      | Noticed Robin
  2537 | D:3      | Killed Robin
  3429 | D:3      | Reached skill level 5 in Spellcasting
  3460 | D:3      | Reached XP level 5. HP: 29/29 MP: 11/14
  3500 | D:3      | Learned a level 4 spell: Iskenderun's Mystic Blast
  3816 | D:3      | Noticed Ijyb
  3834 | D:3      | Killed Ijyb
  3835 | D:3      | Reached skill level 1 in Translocations
  4049 | D:3      | Identified the +12 short sword "Erisidai" {freeze, Fragile
                  | rCorr Int+3 Dex+5}
  4232 | D:4      | Found Fufudi's Overcharged Wands.
  4288 | D:4      | Found Toso's Antique Weapon Emporium.
  4473 | D:4      | Reached XP level 6. HP: 32/34 MP: 7/16
  4675 | D:4      | Found a staircase to the Ecumenical Temple.
  4684 | Temple   | Entered the Ecumenical Temple
  4882 | Temple   | Became a worshipper of Vehumet
  5610 | D:5      | Entered Level 5 of the Dungeon
  5674 | D:5      | Reached XP level 7. HP: 24/38 MP: 6/18
  6462 | D:5      | Reached skill level 5 in Translocations
  6484 | D:5      | Found a hazy altar of Hepliaklqana.
  6499 | D:5      | Reached XP level 8. HP: 38/43 MP: 10/21
  7101 | D:5      | Reached * piety under Vehumet
  7101 | D:5      | Offered knowledge of Sandblast by Vehumet.
  7421 | D:6      | Noticed Sigmund
  7434 | D:6      | Killed Sigmund
  7588 | D:6      | Identified a scroll of acquirement
  7588 | D:6      | Acquired 238 gold pieces
  7694 | D:6      | Noticed a manticore
  7702 | D:6      | Killed a manticore
  7840 | D:6      | Reached XP level 9. HP: 39/47 MP: 22/24
  8173 | D:6      | Identified the +0 dagger of Ambiguity {protect, Str+3}
  9340 | D:7      | Found a broken altar of Ashenzari.
  9340 | D:7      | Found an ornate altar of the Wu Jian Council.
  9341 | D:7      | Found a white marble altar of Elyvilon.
  9605 | D:7      | Offered knowledge of Scorch by Vehumet.
  9921 | D:7      | Found a glowing silver altar of Zin.
  9922 | D:7      | Found a snail-covered altar of Cheibriados.
 10088 | D:7      | Learned a level 2 spell: Scorch
 10362 | D:8      | Reached ** piety under Vehumet
 10575 | D:8      | Reached skill level 1 in Fire Magic
 10774 | D:8      | Found a glowing golden altar of the Shining One.
 10966 | D:8      | Reached skill level 5 in Stealth
 12002 | D:9      | Noticed Prince Ribbit
 12008 | D:9      | Killed Prince Ribbit
 12009 | D:9      | Reached skill level 5 in Dodging
 12195 | D:9      | Reached XP level 10. HP: 24/56 MP: 17/25
 12362 | D:9      | Offered knowledge of Ignite Poison by Vehumet.
 12694 | D:9      | Noticed a two-headed ogre
 12695 | D:9      | Noticed a two-headed ogre
 12704 | D:9      | Noticed a two-headed ogre
 12708 | D:9      | Mangled by a two-headed ogre

Illustrated notes

Levels and vault maps discovered:
D:1:      heliophobic_arrival_dark_side_of_the_moon, layout_rooms
D:2:      layout_basic
D:3:      kennysheep_goblin_castle, layout_loops_corners, serial_shops,
          nicolae_shop_just_a_little_nook, uniq_robin
D:4:      cheibrodos_old_hovel, layout_basic, minmay_temple_entry_antechambers,
          serial_shops, shop, nicolae_shop_overcharged_wands
D:5:      nicolae_cairo_tiling_large_dashed, layout_loops_cross,
          mainiacjoe_overflow_chevrons
D:6:      layout_loops_ring, uniq_sigmund
D:7:      layout_basic, gammafunk_temple_overflow_forgotten,
          mainiacjoe_overflow_catwalk_spiral, serial_curves, eino_curves_02,
          eino_curves_02, eino_curves_02, eino_curves_02, minmay_crystal_room
D:8:      layout_basic, mainiacjoe_overflow_boulevard
D:9:      lemuel_ogre_cave, layout_basic, uniq_prince_ribbit1
Temple:   regret_index_temple_generic_petals

Skill      XL: |  1  2  3  4  5  6  7  8  9 10 |
---------------+-------------------------------+-----
Spellcasting   | 4 5 6 7 9 |  9.7
Conjurations   | 5 6 7 8 9 |  9.0
Fighting       | 1 3 |  3.8
Translocations | 2 4 5 7 |  7.5
Stealth        | 5 6 |  6.1
Dodging        | 5 |  5.7
Fire Magic     | 3 |  3.7

Action                     |  1- 3 |  4- 6 |  7- 9 | 10-12 || total
---------------------------+-------+-------+-------+-------++-------
  Melee: Hand axe          |     6 |       |       |       ||     6
         Staff             |     1 |       |       |       ||     1
         Dagger            |       |     5 |    43 |       ||    48
         Punch             |       |       |     1 |       ||     1
   Cast: Magic Dart        |    94 |    71 |   100 |     6 ||   271
         Searing Ray       |       |    24 |    56 |     1 ||    81
         Iskenderun's Myst |       |     1 |    14 |     3 ||    18
         Scorch            |       |       |       |    15 ||    15
    Use: Scroll            |     5 |     7 |     7 |       ||    19
   Stab: Sleeping          |       |       |     3 |       ||     3
 Armour: Robe              |     2 |     3 |    36 |     4 ||    45
  Dodge: Dodged            |    14 |    19 |    74 |    10 ||   117
